 Dungeon Crawl Stone Soup version 0.18-a0-1572-g0a86841 (webtiles) character file.

383 namelastname112 the Insei (level 6, -1/51 HPs)
             Began as a Draconian Monk on Mar 15, 2016.
             Slain by a hobgoblin
             ... wielding a +0 club
              (2 damage)
             ... on level 3 of the Dungeon.
             The game lasted 00:04:21 (3393 turns).

namelastname112 the Insei (Draconian Monk)          Turns: 3393, Time: 00:04:21

Health: -1/51      AC:  6    Str: 13    XL:     6   Next: 47%
Magic:  6/6        EV: 13    Int: 10    God:
Gold:   97         SH:  0    Dex: 16    Spells: 0 memorised, 5 levels left

rFire  . . .     SeeInvis .     q - +0 dagger (elec)
rCold  . . .     Gourm    .     (armour unavailable)
rNeg   . . .     Faith    .     (no shield)
rPois  .         Spirit   .     (helmet restricted)
rElec  .         Dismiss  .     (no cloak)
rCorr  .         Reflect  .     (no gloves)
SustAt .         Harm     .     (no boots)
MR     .....     Rnd*Tele +     (no amulet)
Stlth  +++.......               s - ring of stealth
                                d - ring of teleportation (curse)

@: not resistant to hostile enchantments, fairly stealthy
A: unfitting armour, cold-blooded, AC +6
a: no special abilities


You were on level 3 of the Dungeon.
You were not hungry.

You visited 1 branch of the dungeon, and saw 3 of its levels.

You collected 97 gold pieces.

Inventory:

Hand Weapons
 q - a +0 dagger of electrocution (weapon)
Jewellery
 d - a cursed ring of teleportation (left hand)
 i - an uncursed ring of flight
 s - a ring of stealth (right hand)
Scrolls
 b - 4 scrolls of identify {unknown}
 h - 2 scrolls of remove curse {unknown}
 j - a scroll of noise {unknown}
 n - 2 scrolls of teleportation {unknown}
 o - a scroll of enchant armour {unknown}
 r - a scroll of recharging {unknown}
Potions
 c - a potion of ambrosia {unknown}
 e - a potion of haste {unknown}
 f - a potion of resistance {unknown}
 g - 2 potions of degeneration {unknown}
 l - a potion of curing {unknown}
 p - a potion of agility {unknown}
 u - a potion of cure mutation {unknown}
Comestibles
 a - 3 bread rations
 k - 2 meat rations
 m - a beef jerky
 t - a slice of pizza
 v - a chunk of flesh


   Skills:
 - Level 3.2 Fighting
 - Level 2.6 Dodging
 - Level 1.7 Stealth
 + Level 7.9 Unarmed Combat


You had 5 spell levels left.
You didn't know any spells.

Dungeon Overview and Level Annotations

Branches:
Dungeon (3/15)

Altars:


Innate Abilities, Weirdness & Mutations

Your plain brown scales are hard (AC +6).
Your body does not fit into most forms of armour.
You are cold-blooded and may be slowed by cold attacks.


Message History

The hobgoblin hits you but does no damage.
You hit the hobgoblin.
You kill the hobgoblin!
The hobgoblin hits you but does no damage.
You hit the gnoll but do no damage. The gnoll closely misses you.
You hit the gnoll.
The gnoll is lightly wounded.
The hobgoblin hits you with a club!
* * * LOW HITPOINT WARNING * * *
The gnoll closely misses you.
You hit the gnoll but do no damage.
The gnoll is lightly wounded.
The hobgoblin hits you with a club.
* * * LOW HITPOINT WARNING * * *
The gnoll hits you with a spear.
* * * LOW HITPOINT WARNING * * *
You closely miss the gnoll.
The gnoll is lightly wounded.
The hobgoblin hits you with a club.
You die...

##### #...######## #####
#..g#).....## ##....
#)g.#.(.....###.....
#g##(.......#......
#g@.........#......
#.).........'....))
#...........#....)(
#+##........#....).
#.......###).... #≈≈≈≈≈≈≈#
#......## ##.... #≈≈≈≈≈≈≈#
################
#≈≈≈≈≈≈≈#####≈≈≈≈≈≈≈≈≈≈≈≈≈≈≈
#≈≈≈≈≈≈≈≈≈≈≈≈≈≈≈≈≈≈≈≈≈≈≈≈≈≈≈


You could see a gnoll and 2 hobgoblins.

Vanquished Creatures
  2 big kobolds (D:3)
  An orc wizard (D:3)
  Robin (D:2)
  5 gnolls (D:3)
  4 adders
  2 oozes
  2 dart slugs
  4 giant geckos
  6 orcs (D:3)
  2 ball pythons (D:1)
  4 bats
  A giant cockroach (D:1)
  35 goblins
  13 hobgoblins
  2 jackals (D:1)
  2 giant newts
  10 kobolds
  7 rats
103 creatures vanquished.

Notes
Turn   | Place    | Note
--------------------------------------------------------------
     0 | D:1      | namelastname112 the Draconian Monk began the quest for the Orb.
     0 | D:1      | Reached XP level 1. HP: 19/19 MP: 1/1
   267 | D:1      | Reached XP level 2. HP: 26/26 MP: 2/2
   319 | D:1      | HP: 1/26 [goblin (2)]
   657 | D:1      | Reached skill level 5 in Unarmed Combat
   659 | D:1      | Reached XP level 3. HP: 31/31 MP: 3/3
   889 | D:2      | Noticed Robin
  1156 | D:2      | Killed Robin
  1481 | D:2      | Reached XP level 4. HP: 38/38 MP: 4/4
  1870 | D:3      | Reached skill level 6 in Unarmed Combat
  2208 | D:3      | Reached XP level 5. HP: 24/45 MP: 5/5
  2454 | D:3      | Reached skill level 7 in Unarmed Combat
  2469 | D:3      | Reached XP level 6. HP: 19/51 MP: 6/6
  3392 | D:3      | HP: 1/51 [gnoll/spear (6)]
  3393 | D:3      | Slain by a hobgoblin

Vault maps used:
D:1:      lightli_arrival_windingriver, hex_intersection
D:2:      uniq_robin
D:3:      minmay_goblin_kobold_castle, kennysheep_generic_room_6

Skill      XL: |  1  2  3  4  5 |
---------------+----------------+-----
Unarmed Combat | 5 6 7 |  7.9
Fighting       | |  3.2
Dodging        | |  2.6
Stealth        | |  1.7

Action                   |  1- 3 |  4- 6 || total
-------------------------+-------+-------++-------
Melee: Unarmed           |   137 |       ||   137
       Dagger            |     2 |   213 ||   215
 Stab: Sleeping          |     5 |     3 ||     8
  Eat: Chunk             |     2 |     6 ||     8
